 Dungeon Sprint DCSS version 0.29.1-2-gbd0b4ee654 (webtiles) character file.

Game seed: 12255645131849342889

833 Zeld the Cleaver (level 7, -17/71 HPs)
             Began as a Minotaur Berserker on Oct 24, 2022.
             Was a Priest of Trog.
             Demolished by a sun demon (29 damage)
             ... summoned by a kobold demonologist
             ... in the Dungeon (Sprint I: "Red Sonja").
             The game lasted 00:00:26 (643 turns).

Zeld the Cleaver (Minotaur Berserker)                Turns: 643, Time: 00:00:27

Health: -17/71     AC:  2    Str: 24    XL:     7   Next: 65%
Magic:  6/6        EV: 14    Int:  4    God:    Trog [***...]
Gold:   270        SH:  0    Dex:  9    Spells: 6/6 levels left

rFire   . . .      SeeInvis .   a - +0 hand axe
rCold   . . .      Faith    .   (no shield)
rNeg    . . .      Spirit   .   b - +0 animal skin
rPois   .          Reflect  .   (helmet restricted)
rElec   .          Harm     .   (no cloak)
rCorr   .          Rampage  .   (no gloves)
Will    .....      NoTele   +   (no boots)
Stlth   +.........              (no amulet)
HPRegen 0.21/turn               (no ring)
MPRegen 0.10/turn               (no ring)

@: on berserk cooldown, slowed, very slow
A: horns 2, retaliatory headbutt
a: Renounce Religion, Berserk, Trog's Hand


You were in the Dungeon.
You worshipped Trog.
Trog was most pleased with you.
You visited 1 branch You collected 270 gold pieces.

Inventory:

Hand Weapons
 a - a +0 hand axe (weapon)
Armour
 b - a +0 animal skin (worn)
Wands
 i - a wand of polymorph (3)
Scrolls
 h - a scroll of blinking
Potions
 c - a potion of curing
 d - a potion of heal wounds
 e - a potion of haste
 f - 2 potions of magic
 g - a potion of berserk rage


   Skills:
 + Level 9.8 Fighting
 * Level 13.2 Axes
 + Level 9.4 Armour
 + Level 8.6 Dodging


You had 6 spell levels left.
You didn't know any spells.
Your spell library was empty.

Dungeon Overview and Level Annotations

Branches:
Dungeon (1/1)

Altars:
Makhleb
Xom
Jiyva
Lugonu


Innate Abilities, Weirdness & Mutations

You have a pair of horns on your head.
You reflexively headbutt those who attack you in melee.


Message History

The kobold demonologist is heavily wounded.
You hit the sun demon.
The kobold demonologist closely misses you.
Unknown command.
You closely miss the kobold demonologist.
Your headbutt misses the kobold demonologist.
The kobold demonologist is heavily wounded.
You miss the sun demon. The sun demon closely misses you.
Unknown command.
You closely miss the kobold demonologist.
The kobold demonologist is heavily wounded.
You barely miss the sun demon.
The kobold demonologist closely misses you.
Unknown command.
You closely miss the kobold demonologist.
The kobold demonologist is heavily wounded.
You barely miss the sun demon. The sun demon hits you.
You are engulfed in flames!
* * * LOW HITPOINT WARNING * * *
Unknown command.
You closely miss the kobold demonologist.
Your headbutt misses the kobold demonologist.
The kobold demonologist is heavily wounded.
You barely miss the sun demon.
The kobold demonologist looks braver for a moment.
Unknown command.
You slash the kobold demonologist!
The kobold demonologist is almost dead.
You hit the sun demon.
You are no longer berserk.
You are exhausted.
You feel yourself slow down. The sun demon closely misses you.
You furiously retaliate!
You headbutt the sun demon. The sun demon attacks as you move away!
The sun demon closely misses you. You furiously retaliate!
You headbutt the sun demon, but do no damage.
The kobold demonologist attacks as you move away!
The kobold demonologist barely misses you.
The sun demon hits you!!
You die...

######################
.))..#..'..#__#..3K..#
..#..').#..'..'.@#)..#
####'#####+#__####...+
#..# #### #### ####


You could see a sun demon (summoned) and a kobold demonologist.

Vanquished Creatures
  A kobold demonologist (D)
  A slime creature (D)
  Sigmund (D)
  A floating eye (D)
  An ogre (D)
  Ijyb (D)
6 creatures vanquished.

Notes
Turn   | Place    | Note
-------+----------+-------------------------------------------
     0 | D        | Zeld the Minotaur Berserker began the quest for the Orb.
     0 | D        | Reached XP level 1. HP: 19/19 MP: 0/0
     1 | D        | Noticed Ijyb
    18 | D        | Killed Ijyb
    19 | D        | Reached skill level 5 in Axes
    19 | D        | Reached XP level 2. HP: 14/28 MP: 1/1
   264 | D        | Noticed an ogre
   268 | D        | Killed an ogre
   269 | D        | Reached skill level 7 in Axes
   269 | D        | Reached skill level 5 in Armour
   269 | D        | Reached XP level 3. HP: 37/37 MP: 2/2
   269 | D        | Reached XP level 4. HP: 44/44 MP: 3/3
   378 | D        | Noticed Sigmund
   384 | D        | Killed Sigmund
   384 | D        | Reached ** piety under Trog
   385 | D        | Reached skill level 10 in Axes
   385 | D        | Reached XP level 5. HP: 52/52 MP: 4/4
   385 | D        | Reached XP level 6. HP: 60/60 MP: 5/5
   567 | D        | Found a burning altar of Makhleb.
   567 | D        | Found a viscous altar of Jiyva.
   567 | D        | Found a shimmering altar of Xom.
   567 | D        | Found a corrupted altar of Lugonu.
   567 | D        | Noticed a slime creature
   573 | D        | Killed a slime creature
   574 | D        | Reached skill level 11 in Axes
   618 | D        | Noticed a kobold demonologist
   618 | D        | Noticed a floating eye
   618 | D        | Noticed a kobold demonologist
   623 | D        | Noticed a sun demon
   624 | D        | Killed a kobold demonologist
   624 | D        | Paralysed by a floating eye for 3 turns
   625 | D        | Reached skill level 12 in Axes
   625 | D        | Reached XP level 7. HP: 70/70 MP: 6/6
   632 | D        | Reached *** piety under Trog
   633 | D        | Reached skill level 13 in Axes
   643 | D        | Demolished by a sun demon

Illustrated notes

Levels and vault maps discovered:
D:        dungeon_sprint_1 [red_sonja_temple_1, red_sonja_temple_small_1]

Skill      XL: |  1  2  3  4  5  6  7 |
---------------+----------------------+-----
Fighting       | 4 6 7 9 |  9.8
Axes           | 5 7 10 12 13 | 13.2
Armour         | 3 5 7 9 |  9.4
Dodging        | 3 4 6 8 |  8.6

Action                   |  1- 3 |  4- 6 |  7- 9 || total
-------------------------+-------+-------+-------++-------
Melee: Unarmed           |    13 |       |       ||    13
       Hand axe          |     3 |    13 |    15 ||    31
       Headbutt          |       |     4 |       ||     4
Invok: Berserk           |     2 |     3 |       ||     5
Armor: Skin              |     3 |       |       ||     3
       Animal skin       |       |       |     1 ||     1
Dodge: Dodged            |    11 |     3 |     6 ||    20
